 Dungeon Crawl Stone Soup version 0.29.1-15-g9cfb28693d (webtiles) character file.

Game seed: 4172182123614355414

338 hawla the Chiller (level 7, -2/50 HPs)
             Began as a Meteoran Ice Elementalist on Apr 19, 2023.
             Was an Initiate of Vehumet.
             Slain by Pikel
             ... wielding a +1 whip of electrocution
              (10 damage)
             ... on level 8 of the Dungeon on Apr 20, 2023.
             The game lasted 00:05:28 (1008 turns).

hawla the Chiller (Meteoran Ice Elementalist)       Turns: 1008, Time: 00:05:30

Health: -2/50      AC:  3    Str: 10    XL:     7   Next: 11%
Magic:  7/13       EV: 12    Int: 19    God:    Vehumet [......]
Gold:   68         SH:  0    Dex: 14    Spells: 5/13 levels left

rFire   . . .      SeeInvis .   f - staff of conjuration
rCold   . . .      Faith    .   (no shield)
rNeg    . . .      Spirit   .   a - +1 robe
rPois   .          Reflect  .   (no helmet)
rElec   .          Harm     .   (no cloak)
rCorr   .          Rampage  .   (no gloves)
Will    .....                   (no boots)
Stlth   +.........              (no amulet)
HPRegen 0.16/turn               (no ring)
MPRegen 0.13/turn               (no ring)

@: mighty, freezing walls, glowing
A: sense surroundings 1, otherworldly, glowing, explore regen
a: Renounce Religion


You were on level 8 of the Dungeon.
You worshipped Vehumet.
Vehumet was noncommittal.
You visited 2 branches of the dungeon, and saw 9 of its levels.

You collected 68 gold pieces.

Inventory:

Armour
 a - a +1 robe (worn)
Magical Staves
 f - a staff of conjuration (weapon)
Scrolls
 b - a scroll of amnesia {unknown}
 c - a scroll of fear {unknown}
Potions
 g - a potion of invisibility


   Skills:
 - Level 0.2 Fighting
 - Level 2.8 Dodging
 - Level 1.4 Stealth
 - Level 3.7 Spellcasting
 - Level 5.5 Conjurations
 - Level 5.5 Ice Magic
 + Level 1.3 Evocations


You had 5 spell levels left.
You knew the following spells:

 Your Spells              Type           Power      Damage    Failure   Level
a - Freeze                Ice            96%        1d11      1%          1
b - Frozen Ramparts       Ice            48%        1d8       4%          3
c - Hailstorm             Conj/Ice       36%        3d9       14%         4

Your spell library contained the following spells:

 Spells                   Type           Power      Damage    Failure   Level
 Ozocubu's Armour         Ice            24%        N/A       4%          3


Dungeon Overview and Level Annotations

Branches:
Dungeon (8/15) Zot: 3932   Temple (1/1) D:4 Zot: 459
   Lair: D:8-11

Altars:
Cheibriados
Fedhas
Okawaru
Ru
Vehumet

Shops:
D:4 (

Annotations:
D:8 Pikel


Innate Abilities, Weirdness & Mutations

You passively map a small area around you.
You are easily found by Zot.
You glow in the dark.
You regain HP and MP as you explore.


Message History

The killer bee stings you.
You are poisoned.
The killer bee poisons you!
Casting: Freeze (safe; 1% risk of failure)
Confirm with . or Enter, or press ? or * to list all spells.
Aiming: Freeze (safe; 1% risk of failure)
Press: ? - help, Shift-Dir - straight line, f/p - killer bee
Aim: a killer bee (severely wounded)
You freeze the killer bee.
You kill the killer bee!
Vehumet accepts your kill.
You feel sick.
Training target 5.5 for Conjurations reached!
Your Evocations skill increases to level 1!
You have reached level 7!
It was a potion of might.
You feel very mighty all of a sudden.
You feel sick.
You feel sick.
The wall freezes Pikel but does no damage.
A lemure comes into view.
You feel sick.
The wall freezes the lemure.
The wall freezes Pikel.
Casting: Freeze (safe; 1% risk of failure)
Confirm with . or Enter, or press ? or * to list all spells.
Aiming: Freeze (safe; 1% risk of failure)
Press: ? - help, Shift-Dir - straight line, f - Pikel
Aim: Pikel, wielding a +1 whip of electrocution and wearing a +0 robe (lightly wounded)
You freeze Pikel.
Pikel is moderately wounded.
You feel sick.
The wall freezes Pikel.
Pikel hits you with a +1 whip of electrocution.
* * * LOW HITPOINT WARNING * * *
The wall freezes the lemure.
You hit Pikel but do no damage.
Pikel is moderately wounded.
You feel sick.
You are no longer poisoned.
The wall freezes Pikel but does no damage.
Pikel hits you with a +1 whip of electrocution!
You die...

, , *, , ,
,.. , .# 5#
* #+# 55 ,
#.# [#**,
###.###5# ,
, #.<...#K#
, #.....@.#
,
#.....###**
, #.....# *
, ####### *
, * *


You could see Pikel and 4 lemures.

Vanquished Creatures
  A centaur (D:7)
  A scorpion (D:4)
  A killer bee (D:8)
  2 hounds (D:4)
  An iguana (D:4)
  3 adders
  3 ufetubi
  6 orcs (D:4)
  A ball python (D:1)
  A bat (D:2)
  3 endoplasms
  A goblin (D:4)
  A hobgoblin (D:2)
  2 kobolds (D:4)
27 creatures vanquished.

Notes
Turn   | Place    | Note
-------+----------+-------------------------------------------
     0 | D:1      | hawla the Meteoran Ice Elementalist began the quest for the
                  | Orb.
     0 | D:1      | Reached XP level 1. HP: 14/14 MP: 5/5
   150 | D:2      | Reached XP level 2. HP: 4/20 MP: 0/7
   253 | D:4      | Reached XP level 3. HP: 23/26 MP: 5/8
   261 | D:4      | Reached skill level 5 in Ice Magic
   261 | D:4      | Reached XP level 4. HP: 28/33 MP: 2/10
   265 | D:4      | Learned a level 3 spell: Frozen Ramparts
   303 | D:4      | Learned a level 4 spell: Hailstorm
   432 | D:4      | Reached XP level 5. HP: 38/38 MP: 6/11
   442 | D:4      | Reached skill level 1 in Conjurations
   645 | D:4      | Reached XP level 6. HP: 37/45 MP: 3/12
   649 | D:4      | Found Qisic's Weapon Boutique.
   715 | D:4      | Found a staircase to the Ecumenical Temple.
   723 | Temple   | Entered the Ecumenical Temple
   826 | Temple   | Became a worshipper of Vehumet
   900 | D:5      | Entered Level 5 of the Dungeon
   905 | D:5      | Noticed a centaur
   909 | D:6      | Noticed an ice beast
   973 | D:7      | Noticed a centaur
   979 | D:7      | Killed a centaur
   980 | D:7      | Reached skill level 5 in Conjurations
  1000 | D:8      | Noticed Pikel
  1004 | D:8      | Reached skill level 1 in Evocations
  1004 | D:8      | Reached XP level 7. HP: 18/50 MP: 7/13
  1008 | D:8      | Slain by Pikel

Illustrated notes

Levels and vault maps discovered:
D:1:      dpeg_arrival_arbitrary_b, layout_rooms, chequers_serial_rivers_large_a
D:2:      minmay_razor_zed, layout_basic, serial_shops, shop
D:3:      layout_basic, minivault_24, uniq_sigmund
D:4:      layout_loops_ring, temple_green, serial_shops,
          nicolae_shop_bloodbath_and_beyond
D:5:      layout_loops_ring, mainiacjoe_overflow_brackets
D:6:      layout_basic
D:7:      minmay_the_grid_octo_tiled_octocenter [minmay_the_grid_octo_checkered,
          minmay_the_grid_octo_fan_narrow, minmay_the_grid_octo_pinwheel,
          minmay_the_grid_octo_checkerflower,
          minmay_the_grid_octo_prize_ultimate_mussel_roller,
          minmay_the_grid_square_5x5_one_wall,
          minmay_the_grid_square_5x5_sharp_hourglass,
          minmay_the_grid_square_5x5_minivault,
          minmay_the_grid_square_5x5_slash], layout_gridville,
          nicolae_overflow_crystal_walls, minmay_mini_ossuary, uniq_duvessa
D:8:      layout_basic, uniq_erica, uniq_psyche, uniq_pikel
Temple:   mainiacjoe_temple_cubbyholes

Skill      XL: |  1  2  3  4  5  6 |
---------------+-------------------+-----
Spellcasting   | 3 |  3.7
Ice Magic      | 5 |  5.5
Conjurations   | 4 5 |  5.5
Evocations     | 1 |  1.3
Fighting       | |  0.2
Dodging        | |  2.8
Stealth        | |  1.4

Action                   |  1- 3 |  4- 6 |  7- 9 || total
-------------------------+-------+-------+-------++-------
Melee: Unarmed           |     4 |     1 |       ||     5
       Staff             |       |     8 |     1 ||     9
 Cast: Freeze            |    18 |    17 |     1 ||    36
       Frozen Ramparts   |       |    14 |       ||    14
       Hailstorm         |       |     2 |       ||     2
  Use: Potion            |     1 |     1 |     1 ||     3
       Scroll            |       |     7 |       ||     7
Armor: Skin              |     8 |       |       ||     8
       Robe              |     2 |     9 |       ||    11
Dodge: Dodged            |     4 |    27 |       ||    31
